 Dungeon Crawl Stone Soup version 0.31-a0-698-g4a7cf283bb (webtiles) character file.

Game seed: 2040591772763532120

32 qw the Shooter (level 3, 0/21 HPs)
             Began as a Gargoyle Hunter on Sept 7, 2023.
             Slain by a hobgoblin (6 damage)
             ... led by Robin
             ... on level 2 of the Dungeon.
             The game lasted 00:00:18 (804 turns).

qw the Shooter (Gargoyle Hunter)                     Turns: 804, Time: 00:00:18

Health: 0/21       AC:  8    Str: 14    XL:     3   Next: 25%
Magic:  3/3        EV: 10    Int:  9    God:
Gold:   89         SH:  0    Dex: 15    Spells: 2/2 levels left

rFire   . . .        Y - +0 shortbow
rCold   . . .        (shield currently unavailable)
rNeg    + . .        h - +0 ring mail
rPois   inf          (no helmet)
rElec   +            (no cloak)
rCorr   .            (no gloves)
SInv    .            (no boots)
Will    .....        (no amulet)
Stlth   +            (no ring)
HPRegen 0.23/turn    (no ring)
MPRegen 0.08/turn

%: no passive effects
@: no status effects
A: sickness immunity, AC +3, negative energy resistance 1, electricity
resistance, torment resistance 1, petrification resistance
a: no special abilities


You were on level 2 of the Dungeon.
You visited 1 branch of the dungeon, and saw 2 of its levels.

You collected 89 gold pieces.


Innate Abilities, Weirdness & Mutations

You are immune to sickness and miasma.
Your stone body is resilient. (AC +3)
You are immune to poison.
You resist negative energy. (rN+)
You are resistant to electric shocks. (rElec)
You are resistant to unholy torment.
You are immune to petrification.


   Skills:
 - Level 2.1 Fighting
 - Level 5.0 Ranged Weapons
 + Level 0.4 Armour
 - Level 1.5 Dodging
 - Level 1.1 Stealth


You had 2 spell levels left.
You didn't know any spells.
Your spell library was empty.

Inventory:

Hand Weapons
 Y - a +0 shortbow (weapon)
Armour
 h - a +0 ring mail (worn)
Scrolls
 a - a scroll of poison {unknown}
Potions
 g - a potion of mutation {unknown}

Dungeon Overview and Level Annotations

Branches:
Dungeon (2/15)

Altars:

Annotations:
D:2 Robin


Message History

You shoot an arrow. The arrow misses the goblin.
A goblin comes into view. It is wielding a +0 dagger.
You shoot an arrow. The arrow barely misses the goblin.
A goblin comes into view. It is wielding a +0 dagger. x2
The goblin moves out of view.
You shoot an arrow. The arrow hits the goblin.
The goblin is moderately wounded.
You shoot an arrow. The arrow hits the goblin.
You kill the goblin!
An endoplasm comes into view.
You shoot an arrow. The endoplasm quivers.
The arrow hits the goblin.
You kill the goblin!
A goblin comes into view. It is wielding a +0 dagger. x2
You shoot an arrow. The goblin shouts! x2
The arrow hits the hobgoblin but does no damage.
You hear a shout! x2
The hobgoblin closely misses you. The hobgoblin barely misses you.
Robin of the Strong Arm comes into view.
They are wielding a +0 short sword and carrying a wand of flame.
The goblin hits you with a +0 club.
You shoot an arrow. The arrow hits the goblin.
The goblin is heavily wounded.
The endoplasm jiggles.
Robin roars a battlecry!
The goblins go into a battle-frenzy!
The goblin hits you with a +0 club.
You hear a shout!
You shoot an arrow. The arrow barely misses the goblin.
The goblin barely misses you. The hobgoblin hits you.
The goblin closely misses you.
You shoot an arrow. The arrow barely misses the goblin.
A goblin comes into view. It is wielding a +0 dagger.
The goblin completely misses you. The goblin barely misses you.
The hobgoblin hits you.
You shoot an arrow. The arrow hits the goblin.
You kill the goblin!
The hobgoblin hits you.
You die...

.# #.#.g .. ...g ..
#... #.#... .. ##...g
.. #####...g# .#.# #
#.....g#)# ...# .#
#.....g@.# #..##.#
#....##..###.....##
#....##............
#...............>.#
#....##.#....####.###
#... #..#............
#.. #.....##..##<###
##
#..##.#....##.####..
#.. #...............


You could see Robin, a hobgoblin (strong) and 4 goblins.

Vanquished Creatures
  2 dart slugs (D:1)
  3 ball pythons (D:1)
  3 endoplasms (D:1)
  7 goblins
  3 hobgoblins
  A kobold (D:1)
  A quokka (D:1)
  A bat (D:1)
  2 frilled lizards (D:1)
  2 rats (D:1)
25 creatures vanquished.

Notes
Turn   | Place    | Note
-------+----------+-------------------------------------------
     0 | D:1      | qw the Gargoyle Hunter began the quest for the Orb.
     0 | D:1      | Reached XP level 1. HP: 12/12 MP: 1/1
     0 | D:1      | 0 ||| qw: Version: 0.3-a-76-g4403597
     0 | D:1      | 0 ||| qw: Game counter: 380
     0 | D:1      | 0 ||| qw: Melee chars always use a shield: true
     0 | D:1      | 0 ||| qw: God list: Okawaru
     0 | D:1      | 0 ||| qw: Allow faded altars: false
     0 | D:1      | 0 ||| qw: Do Orc after clearing Dungeon:15 true
     0 | D:1      | 0 ||| qw: Do second Lair branch before Depths: true
     0 | D:1      | 0 ||| qw: Lair rune preference: random
     0 | D:1      | 0 ||| qw: Goals: Normal
     0 | D:1      | 0 ||| PLANNING D:1-11
    61 | D:1      | Reached XP level 2. HP: 17/17 MP: 2/2
   436 | D:1      | Reached XP level 3. HP: 21/21 MP: 3/3
   573 | D:1      | Reached skill level 5 in Ranged Weapons
   723 | D:1      | 723 ||| UPGRADING to +0 ring mail.
   733 | D:1      | 733 ||| DROPPING +0 leather armour.
   734 | D:1      | 734 ||| DROPPING ring of flight.
   735 | D:1      | 735 ||| READING scroll labelled ROSO METAOFFOBOE.
   736 | D:1      | 736 ||| READING scroll labelled ZUSORU PIARO.
   737 | D:1      | 737 ||| DROPPING scroll of butterflies.
   800 | D:2      | Noticed Robin
   804 | D:2      | Slain by a hobgoblin

Levels and vault maps discovered:
D:1:      tarquinn_simple_flora_water_f, layout_loops_ring
D:2:      layout_rooms, basic_altar, uniq_robin

Skill      XL: |  1  2  3 |
---------------+----------+-----
Ranged Weapons | 5 |  5.0
Fighting       | |  2.1
Armour         | |  0.4
Dodging        | |  1.5
Stealth        | |  1.1

Action                     || total
---------------------------++-------
   Fire: Shortbow          ||    75
    Use: Scroll            ||     2
 Armour: Leather armour    ||    11
         Ring mail         ||     5
  Dodge: Dodged            ||    18

Table legend:
 A = Non-vault XP
 B = Vault XP
 C = Vault XP percentage of total XP
 D = Non-vault monster count
 E = Vault monster count
 F = Vault count percentage of total count
                 A         B        C        D         E       F
            +---------+---------+-------+---------+---------+-------
      Total |      42 |       6 |  12.5 |      22 |       3 |  12.0
            +---------+---------+-------+---------+---------+-------
        D:1 |      40 |       0 |   0.0 |      21 |       0 |   0.0
        D:2 |       2 |       6 |  75.0 |       1 |       3 |  75.0
            +---------+---------+-------+---------+---------+-------
